 Dungeon Crawl Stone Soup version 0.27.0-1-g7a089689b8 (webtiles) character file.

Game seed: 12307587067486043645

282 Smaepdii the Chopper (level 6, -6/82 HPs)
             Began as a Minotaur Berserker on Aug 12, 2021.
             Was a Priest of Trog.
             Mangled by an ogre (21 damage)
             ... on level 4 of the Dungeon.
             The game lasted 00:07:41 (3548 turns).

Smaepdii the Chopper (Minotaur Berserker)           Turns: 3548, Time: 00:07:41

Health: -6/82      AC: 12    Str: 22    XL:     6   Next: 6%
Magic:  5/5        EV:  9    Int:  4    God:    Trog [***...]
Gold:   129        SH:  5    Dex: 11    Spells: 5/5 levels left

rFire    + + .     SeeInvis .   a - +0 war axe
rCold    + . .     Faith    .   (no shield)
rNeg     . . .     Spirit   .   i - +0 chain mail
rPois    .         Reflect  +   (helmet restricted)
rElec    .         Harm     .   w - scarf {rC+ rF+}
rCorr    .         Rampage  .   f - +2 pair of gloves
Will     .....                  (no boots)
Stlth    ..........             j - amulet of reflection
HPRegen  0.23/turn              n - ring of protection from fire
MPRegen  0.09/turn              (no ring)

@: berserking, very quick
A: horns 2, retaliatory headbutt
a: Renounce Religion, Berserk, Trog's Hand


You were on level 4 of the Dungeon.
You worshipped Trog.
Trog was most pleased with you.
You visited 1 branch of the dungeon, and saw 4 of its levels.

You collected 129 gold pieces.

Inventory:

Hand Weapons
 a - a +0 war axe (weapon)
Missiles
 d - 39 poisoned darts (quivered)
 l - 5 atropa-tipped darts
Armour
 f - a +2 pair of gloves (worn)
 i - a +0 chain mail (worn)
 p - a +0 cloak
 w - a scarf of resistance (worn)
Jewellery
 e - an amulet of the acrobat
 j - an amulet of reflection (around neck)
 n - a ring of protection from fire (left hand)
Scrolls
 h - 3 scrolls of teleportation {unknown}
 k - a scroll of holy word {unknown}
 o - a scroll of enchant armour {unknown}
 q - a scroll of fog {unknown}
 r - a scroll of amnesia {unknown}
 u - 2 scrolls of identify {unknown}
Potions
 b - a potion of ambrosia {unknown}
 c - a potion of heal wounds {unknown}
 g - 2 potions of curing {unknown}
 m - a potion of resistance {unknown}
 s - a potion of haste {unknown}
 t - a potion of mutation {unknown}
 v - a potion of degeneration {unknown}
 x - a potion of might {unknown}


   Skills:
 + Level 4.8 Fighting
 * Level 5.9 Axes
 + Level 4.0 Armour
 + Level 3.6 Dodging


You had 5 spell levels left.
You didn't know any spells.
Your spell library was empty.

Dungeon Overview and Level Annotations

Branches:
Dungeon (4/15)
 Temple: D:4-7

Altars:
Ashenzari


Innate Abilities, Weirdness & Mutations

You have a pair of horns on your head.
You reflexively headbutt those who attack you in melee.


Message History

You block the orc priest's attack. The orc hits you with a +0 falchion.
You completely miss the orc priest.
The orc priest is almost dead.
You closely miss the orc. You closely miss the ogre.
The orc priest hits you but does no damage.
The ogre hits you with a +0 giant club! The orc hits you but does no damage.
The orc priest hits you but does no damage.
You closely miss the orc priest.
The orc priest is almost dead.
You closely miss the ogre. You barely miss the orc.
The ogre hits you with a +0 giant club! The orc hits you but does no damage.
The orc priest hits you but does no damage.
You closely miss the orc priest. Your headbutt misses the orc priest.
The orc priest is almost dead.
You barely miss the ogre. You barely miss the orc.
The ogre hits you but does no damage. The orc hits you with a +0 falchion.
The orc priest closely misses you.
A red film seems to cover your vision as you go berserk!
You feel yourself moving faster!
You feel mighty! You block the orc's attack. The ogre barely misses you.
The orc priest mumbles some strange prayers to Beogh against you.
Pain shoots through your body!
You closely miss the orc priest.
The orc priest is almost dead.
You hit the ogre. You hit the orc.
You kill the orc!
Trog accepts your kill.
The orc priest invokes the aid of Beogh against you.
Beogh smites you! The ogre hits you with a +0 giant club!
* * * LOW HITPOINT WARNING * * *
You closely miss the orc priest.
The orc priest is almost dead.
You barely miss the ogre.
The orc priest hits you but does no damage.
You slash the orc priest!
You kill the orc priest!
Trog accepts your kill.
You hit the ogre.
The ogre hits you with a +0 giant club!!
You die...

.# .## ..###
⌠.##'.#.⌠ .........
#.#####.......#
..#...#.......#
#.#...'..._...' ##
#####.#...#)......#
.. ...>.###)@)......#
#.###......#.O.......
#.#...#.#..#⌠.##'.#.⌠
#..........#### .#
#.......##)...# #
#####.).....###...#
#...............#.#
.####.....######...
##...## ..## ##..


You could see an ogre.

Vanquished Creatures
  An orc priest (D:4)
  A hound (D:4)
  Crazy Yiuf (D:2)
  Terence (D:3)
  A hound skeleton (D:4)
  5 adders
  4 gnolls (D:1)
  An adder zombie (D:3)
  2 worms
  3 dart slugs
  7 orcs
  4 bats
  8 endoplasms
  3 giant cockroaches
  7 goblins
  5 hobgoblins
  2 jackals (D:3)
  4 quokkas
  8 ball pythons
  3 frilled lizards
  6 kobolds
  6 rats
83 creatures vanquished.

Notes
Turn   | Place    | Note
-------+----------+-------------------------------------------
     0 | D:1      | Smaepdii the Minotaur Berserker began the quest for the
                  | Orb.
     0 | D:1      | Reached XP level 1. HP: 19/19 MP: 0/0
   134 | D:1      | Reached XP level 2. HP: 8/27 MP: 1/1
   739 | D:1      | Reached skill level 4 in Axes
  1221 | D:1      | Reached XP level 3. HP: 32/33 MP: 2/2
  1633 | D:2      | Reached XP level 4. HP: 40/40 MP: 3/3
  1642 | D:2      | Reached ** piety under Trog
  2078 | D:2      | Found a runed translucent door.
  2079 | D:2      | Noticed Crazy Yiuf
  2089 | D:2      | Killed Crazy Yiuf
  2090 | D:2      | Reached skill level 5 in Axes
  2090 | D:2      | Reached XP level 5. HP: 21/47 MP: 4/4
  2562 | D:3      | Noticed Terence
  2570 | D:3      | Killed Terence
  3488 | D:4      | Reached *** piety under Trog
  3528 | D:4      | Found a broken altar of Ashenzari.
  3535 | D:4      | Noticed an ogre
  3538 | D:4      | Reached XP level 6. HP: 55/55 MP: 5/5
  3548 | D:4      | Mangled by an ogre

Illustrated notes

Levels and vault maps discovered:
D:1:      kennysheep_arrival_seaside, layout_loops_ring, minmay_tall_x
D:2:      layout_rooms, minmay_joined_circles, uniq_crazy_yiuf_cottage
D:3:      layout_rooms, serial_curves, eino_curves_01, eino_curves_04,
          minmay_quadrilaterals, uniq_terence
D:4:      layout_loops_ring, evilmike_ruin_ashenzari

Skill      XL: |  1  2  3  4  5 |
---------------+----------------+-----
Axes           | 4 5 |  5.9
Fighting       | 4 |  4.8
Armour         | 3 4 |  4.0
Dodging        | 3 |  3.6

Action                   |  1- 3 |  4- 6 || total
-------------------------+-------+-------++-------
Melee: Hand axe          |    63 |    78 ||   141
       Headbutt          |    12 |    14 ||    26
       War axe           |       |    51 ||    51
Throw: Dart              |     2 |       ||     2
Invok: Berserk           |     1 |     6 ||     7
Armor: Animal skin       |     2 |       ||     2
       Chain mail        |    25 |    65 ||    90
Dodge: Dodged            |    32 |    37 ||    69
Block: Other             |       |    31 ||    31
